 Dungeon Crawl Stone Soup version 0.31.0-11-ge490571c62 (webtiles) character file.

Game seed: 13846796759776115711

48 qw the Shooter (level 3, -3/20 HPs)
             Began as a Deep Elf Hunter on Feb 3, 2024.
             Slain by a ribbon worm (8 damage)
             ... on level 2 of the Dungeon.
             The game lasted 00:00:06 (1484 turns).

qw the Shooter (Deep Elf Hunter)                    Turns: 1484, Time: 00:00:07

Health: -3/20      AC:  3    Str: 10    XL:     3   Next: 50%
Magic:  5/5        EV: 12    Int: 13    God:
Gold:   7          SH:  0    Dex: 18    Spells: 2/2 levels left

rFire   . . .        a - +0 shortbow
rCold   . . .        (shield currently unavailable)
rNeg    . . .        c - +0 leather armour
rPois   .            (no helmet)
rElec   .            (no cloak)
rCorr   .            (no gloves)
SInv    +            (no boots)
Will    .....        (no amulet)
Stlth   ++           b - ring of see invisible
HPRegen 0.23/turn    (no ring)
MPRegen 0.09/turn

%: no passive effects
@: no status effects
A: no striking features
a: no special abilities


You were on level 2 of the Dungeon.
You visited 1 branch of the dungeon, and saw 2 of its levels.

You collected 7 gold pieces.


   Skills:
 - Level 1.5 Fighting
 + Level 7.0 Ranged Weapons
 - Level 2.4 Dodging
 - Level 1.2 Stealth


You had 2 spell levels left.
You didn't know any spells.
Your spell library was empty.

Inventory:

Hand Weapons
 a - a +0 shortbow (weapon)
Armour
 c - a +0 leather armour (worn)
Jewellery
 b - a ring of see invisible (left hand)
 f - a +6 ring of intelligence
Scrolls
 d - a scroll of identify
 e - a scroll of poison {unknown}
Potions
 g - a potion of attraction {unknown}

Dungeon Overview and Level Annotations

Branches:
Dungeon (2/15)

Altars:


Message History

You struggle to detach yourself from the web.
The ribbon worm bites you.
The web tears apart.
You shoot an arrow. The arrow hits the ribbon worm.
The ribbon worm is lightly wounded.
The ribbon worm bites you but does no damage.
You shoot an arrow. The arrow hits the ribbon worm.
The ribbon worm is moderately wounded.
The ribbon worm misses you.
You shoot an arrow.
The arrow hits the ribbon worm but does no damage.
The ribbon worm is lightly wounded.
The ribbon worm bites you.
You shoot an arrow.
The arrow hits the ribbon worm but does no damage.
The ribbon worm is lightly wounded.
The ribbon worm bites you.
You shoot an arrow. The arrow hits the ribbon worm.
The ribbon worm is lightly wounded.
The ribbon worm expels a string of sticky webbing.
The stream of webbing hits you but does no damage.
You are caught in a web!
The web tears apart.
The ribbon worm completely misses you.
You shoot an arrow. The arrow hits the ribbon worm.
The ribbon worm is moderately wounded.
You shoot an arrow. The arrow hits the ribbon worm!
The ribbon worm is severely wounded.
The ribbon worm barely misses you.
You shoot an arrow. The arrow hits the ribbon worm.
The ribbon worm is severely wounded.
The ribbon worm bites you.
You shoot an arrow. The arrow hits the ribbon worm.
The ribbon worm is almost dead.
The ribbon worm bites you but does no damage.
You shoot an arrow.
The arrow hits the ribbon worm but does no damage.
The ribbon worm is severely wounded.
The ribbon worm bites you!
You die...

.....o ##..#...#%# ....#
....##..#.## .....
.....#..#... <..
............ ...
....)....... #.#
............ ## #o#
#####.......
###..##w#######....#.#...
......).@.......####.#...
......#...###### #.......
......###.# ####.#.....
..... #.#####....##....
..... #....##.#########
.... ####....##### # ....
##.......# # #...<....# #
#(.......#


You could see a ribbon worm and an orc.

Vanquished Creatures
  An adder (D:2)
  A dart slug (D:2)
  4 bats
  An endoplasm (D:1)
  2 giant cockroaches
  4 goblins (D:1)
  4 hobgoblins
  3 jackals (D:1)
  4 kobolds
  A quokka (D:1)
  3 ball pythons
  3 frilled lizards (D:2)
  3 rats
34 creatures vanquished.

Notes
Turn   | Place    | Note
-------+----------+-------------------------------------------
     0 | D:1      | qw the Deep Elf Hunter began the quest for the Orb.
     0 | D:1      | Reached XP level 1. HP: 12/12 MP: 3/3
     0 | D:1      | 0 ||| qw: Version: 0.3-a-157-g843a77d
     0 | D:1      | 0 ||| qw: Game counter: 3727
     0 | D:1      | 0 ||| qw: Melee chars always use a shield: true
     0 | D:1      | 0 ||| qw: God list: Okawaru
     0 | D:1      | 0 ||| qw: Allow faded altars: false
     0 | D:1      | 0 ||| qw: Do Orc after clearing Dungeon:15 true
     0 | D:1      | 0 ||| qw: Do second Lair branch before Depths: true
     0 | D:1      | 0 ||| qw: Lair rune preference: random
     0 | D:1      | 0 ||| qw: Goals: Normal
     0 | D:1      | 0 ||| PLANNING D:1-11
   279 | D:1      | Reached skill level 6 in Ranged Weapons
   279 | D:1      | Reached XP level 2. HP: 16/16 MP: 4/4
   527 | D:1      | Found a faded altar of an unknown god.
  1044 | D:1      | 1044 ||| READING scroll labelled SAH HERAOXI.
  1044 | D:1      | 1044 ||| IDENTIFYING ruby potion
  1045 | D:1      | 1045 ||| READING scroll labelled LERAJIRPHAO.
  1046 | D:1      | 1046 ||| DROPPING scroll of butterflies.
  1047 | D:1      | 1047 ||| DROPPING potion of berserk rage.
  1089 | D:2      | 1089 ||| STAIRDANCE
  1130 | D:2      | 1130 ||| STAIRDANCE
  1135 | D:2      | 1135 ||| STAIRDANCE
  1184 | D:2      | Reached XP level 3. HP: 19/20 MP: 5/5
  1221 | D:2      | 1221 ||| FLEEEEING.
  1221 | D:2      | HP: 5/20 [poisoned by an adder]
  1222 | D:2      | 1222 ||| FLEEEEING.
  1223 | D:2      | 1223 ||| FLEEEEING.
  1224 | D:2      | 1224 ||| FLEEEEING.
  1225 | D:2      | 1225 ||| FLEEEEING.
  1226 | D:2      | 1226 ||| FLEEEEING.
  1227 | D:2      | 1227 ||| FLEEEEING.
  1228 | D:2      | 1228 ||| FLEEEEING.
  1229 | D:2      | 1229 ||| FLEEEEING.
  1230 | D:2      | 1230 ||| FLEEEEING.
  1232 | D:2      | 1232 ||| FLEEEEING.
  1233 | D:2      | 1233 ||| FLEEEEING.
  1234 | D:2      | 1234 ||| FLEEEEING.
  1235 | D:2      | 1235 ||| FLEEEEING.
  1236 | D:2      | 1236 ||| FLEEEEING.
  1237 | D:2      | 1237 ||| FLEEEEING.
  1238 | D:2      | 1238 ||| FLEEEEING.
  1239 | D:2      | 1239 ||| FLEEEEING.
  1240 | D:2      | 1240 ||| FLEEEEING.
  1241 | D:2      | 1241 ||| FLEEEEING.
  1242 | D:2      | 1242 ||| FLEEEEING.
  1243 | D:2      | 1243 ||| STAIRDANCE
  1294 | D:1      | 1294 ||| UPGRADING to ring of see invisible.
  1420 | D:2      | Reached skill level 7 in Ranged Weapons
  1455 | D:2      | 1455 ||| FLEEEEING.
  1482 | D:2      | HP: 4/20 [ribbon worm (6)]
  1484 | D:2      | Slain by a ribbon worm

Levels and vault maps discovered:
D:1:      scummos_arrival_gate, layout_loops_corners,
          shapermc_ecumenical_altar_flowoftime, minmay_pentomino_r4
D:2:      layout_rooms, nrook_mini_vaults, uniq_natasha

Skill      XL: |  1  2  3 |
---------------+----------+-----
Ranged Weapons | 6 7 |  7.0
Fighting       | |  1.5
Dodging        | |  2.4
Stealth        | |  1.2

Action                     || total
---------------------------++-------
   Fire: Shortbow          ||   128
    Use: Scroll            ||     2
 Armour: Leather armour    ||    44
  Dodge: Dodged            ||    58

Table legend:
 A = Non-vault XP
 B = Vault XP
 C = Vault XP percentage of total XP
 D = Non-vault monster count
 E = Vault monster count
 F = Vault count percentage of total count
                 A         B        C        D         E       F
            +---------+---------+-------+---------+---------+-------
      Total |      64 |       5 |   7.2 |      31 |       3 |   8.8
            +---------+---------+-------+---------+---------+-------
        D:1 |      30 |       5 |  14.3 |      17 |       3 |  15.0
        D:2 |      34 |       0 |   0.0 |      14 |       0 |   0.0
            +---------+---------+-------+---------+---------+-------
